[Event "GambitGuide"]
[Site "Internet Chess Club"]
[Date "2014.10.30"]
[Round "1"]
[White "JSBach"]
[Black "Heian"]
[Result "1-0"]
[ICCResult "Black resigns"]
[WhiteElo "1696"]
[BlackElo "1562"]
[Opening "Vienna: `Frankenstein-Dracula' variation"]
[ECO "C27"]
[NIC "VG.02"]
[Time "18:51:07"]
[TimeControl "120+12"]

1. e4 e5 2. Nc3 Nf6 3. Bc4 Nxe4 4. Qh5 Nd6 5. Bb3 Nc6 6. Nb5 g6 7. Qf3 f5 8.
Qd5 Qe7 9. Nxc7+ Kd8 10. Nxa8 b6 11. Ba4 Bb7 12. Nxb6 axb6 13. Qb3 Kc7 14.
Ne2 Nc8 15. Nc3 Nd4 16. Nd5+ Kb8 17. Nxe7 Nxb3 18. Bxb3 Bxe7 19. f3 d5 20.
d3 e4 21. fxe4 dxe4 22. Bf4+ Ka7 23. Be5 Re8 24. d4 Bd6 25. Bxd6 Nxd6 26.
Ke2 Ba6+ 27. Ke3 Nc4+ 28. Bxc4 Bxc4 29. c3 b5 30. a4 Kb6 31. a5+ Ka6 32.
Rhe1 Bd3 33. h3 g5 34. g3 Rf8 35. Kf2 f4 36. Red1 Bc4 37. Re1 Bd5 38. Re2
e3+ 39. Kg1 f3 40. Rxe3 f2+ 41. Kf1 Bc4+ 42. Re2 Bxe2+ 43. Kxe2 h5 44. Rf1
Re8+ 45. Kxf2 Kxa5 46. g4 hxg4 47. hxg4 Re4 48. Kg3 Re3+ 49. Kf2 Re4 50.
Ra1+ Kb6 51. Kf3 Rf4+ 52. Kg3 Kc6 53. Ra6+ Kd5 54. Rg6 Kc4 55. Rxg5 Re4 56.
Kf3 Re1 57. Rc5+ Kb3 58. Rxb5+ Kc2 59. Kf2 Re4 60. g5 Rg4 61. Kf3 Rg1 62. c4
Kd3 63. b3 Kxd4 64. Kf2 Rg4 65. Kf3 Rg1 66. Kf2 Rg4 67. Rd5+ Kc3 68. Kf3 Rg1
69. Kf2 Rg4 70. Kf3 Rg1 71. Rb5 Kd4 72. Rd5+ Kc3 73. Kf2 Rg4 74. Kf3 Rg1 75.
Rb5 Rf1+ 76. Kg2 Rf8 77. Kg3 Rd8 78. c5 Kd4 79. c6 Rc8 80. Rb6 Kd5 81. b4
Kd6 82. b5 Kc5 83. Rb7 Ra8 84. c7 Kd6 85. b6 Kd7 86. Ra7 Re8 87. c8=Q+ Kxc8
88. Ra8+ Kd7 89. Rxe8 {Black resigns} 1-0

[Event "GambitGuide"]
[Site "Internet Chess Club"]
[Date "2014.10.30"]
[Round "1"]
[White "JSBach"]
[Black "sanjSweta"]
[Result "1-0"]
[ICCResult "Black resigns"]
[WhiteElo "1696"]
[BlackElo "2021"]
[Opening "Vienna: `Frankenstein-Dracula' variation"]
[ECO "C27"]
[NIC "VG.02"]
[Time "18:52:06"]
[TimeControl "120+12"]

1. e4 e5 2. Nc3 Nf6 3. Bc4 Nxe4 4. Qh5 Nd6 5. Bb3 Nc6 6. Nb5 g6 7. Qf3 f5 8.
Qd5 Qe7 9. Nxc7+ Kd8 10. Nxa8 b6 11. Ba4 Bb7 12. Nxb6 axb6 13. Qb3 Nd4 14.
Qxb6+ Kc8 15. Kf1 Nc4 16. Qa7 Qc5 17. Bxd7+ Kc7 18. Qxc5+ Bxc5 19. Ba4 Ra8
20. Bb3 Ba6 21. Ke1 Nd6 22. Rb1 Bb7 23. f3 e4 24. f4 e3 25. dxe3 Bxg2 26.
exd4 Bb6 27. Ne2 Bxh1 28. a4 Be4 29. Bd2 Ba5 30. Bxa5+ Rxa5 31. Nc3 Bc6 32.
d5 Bd7 33. Ra1 Ne4 34. Ne2 Kd6 35. Nc3 Nxc3 36. bxc3 Bc8 37. c4 Bb7 38. Rb1
Ba6 39. Kd2 Rc5 40. Kc3 Bb7 41. Kd4 Ba6 42. Re1 Kd7 43. Kxc5 {Black resigns}
1-0

[Event "GambitGuide"]
[Site "Internet Chess Club"]
[Date "2014.10.30"]
[Round "1"]
[White "JSBach"]
[Black "zigzag2002"]
[Result "1-0"]
[ICCResult "Black resigns"]
[WhiteElo "1696"]
[BlackElo "1937"]
[Opening "Vienna: `Frankenstein-Dracula' variation"]
[ECO "C27"]
[NIC "VG.02"]
[Time "18:53:54"]
[TimeControl "120+12"]

1. e4 e5 2. Nc3 Nf6 3. Bc4 Nxe4 4. Qh5 Nd6 5. Bb3 Nc6 6. Nb5 g6 7. Qf3 f5 8.
Qd5 Qe7 9. Nxc7+ Kd8 10. Nxa8 b6 11. Ba4 Bb7 12. Nxb6 axb6 13. Qb3 Kc7 14.
Ne2 Nd4 15. Nxd4 exd4+ 16. Kf1 Ba6+ 17. d3 Bg7 18. Bf4 {Black resigns} 1-0

[Event "GambitGuide"]
[Site "Internet Chess Club"]
[Date "2014.10.30"]
[Round "1"]
[White "JSBach"]
[Black "Ernie1"]
[Result "1-0"]
[ICCResult "Black checkmated"]
[WhiteElo "1696"]
[BlackElo "1381"]
[Opening "Vienna: `Frankenstein-Dracula' variation"]
[ECO "C27"]
[NIC "VG.02"]
[Time "18:54:18"]
[TimeControl "120+12"]

1. e4 e5 2. Nc3 Nf6 3. Bc4 Nxe4 4. Qh5 Nd6 5. Bb3 Nc6 6. Nb5 g6 7. Qf3 f5 8.
Qd5 Qe7 9. Nxc7+ Kd8 10. Nxa8 b6 11. Ba4 Qg5 12. d3 Nd4 13. Bxg5+ Ke8 14.
Nc7# {Black checkmated} 1-0

[Event "GambitGuide"]
[Site "Internet Chess Club"]
[Date "2014.10.30"]
[Round "1"]
[White "JSBach"]
[Black "BFavre"]
[Result "1-0"]
[ICCResult "Black resigns"]
[WhiteElo "1696"]
[BlackElo "1578"]
[Opening "Vienna: `Frankenstein-Dracula' variation"]
[ECO "C27"]
[NIC "VG.02"]
[Time "18:53:20"]
[TimeControl "120+12"]

1. e4 e5 2. Nc3 Nf6 3. Bc4 Nxe4 4. Qh5 Nd6 5. Bb3 Nc6 6. Nb5 g6 7. Qf3 f5 8.
Qd5 Qe7 9. Nxc7+ Kd8 10. Nxa8 b6 11. Ba4 Bb7 12. Nxb6 axb6 13. Qb3 b5 14.
Nf3 bxa4 15. Qxa4 Bg7 16. O-O e4 17. Ne1 Kc7 18. d3 Ra8 19. Qb3 Nd4 20. Qc3+
Kd8 21. Qd2 Rc8 22. c3 Ne6 23. f3 exd3 24. Nxd3 Nc4 25. Qc2 Nc5 26. Re1 Qf8
27. Bg5+ Kc7 28. Be7 Qf7 29. Nxc5 Bc6 30. Rad1 d5 31. Qb3 Rb8 32. Na6+ Kd7
33. Nxb8+ {Black resigns} 1-0

[Event "GambitGuide"]
[Site "Internet Chess Club"]
[Date "2014.10.30"]
[Round "1"]
[White "JSBach"]
[Black "Qualm"]
[Result "1/2-1/2"]
[ICCResult "Game drawn by repetition"]
[WhiteElo "1696"]
[BlackElo "1730"]
[Opening "Vienna: `Frankenstein-Dracula' variation"]
[ECO "C27"]
[NIC "VG.02"]
[Time "18:52:09"]
[TimeControl "120+12"]

1. e4 e5 2. Nc3 Nf6 3. Bc4 Nxe4 4. Qh5 Nd6 5. Bb3 Nc6 6. Nb5 g6 7. Qf3 f5 8.
Qd5 Qe7 9. Nxc7+ Kd8 10. Nxa8 b6 11. Ba4 Bb7 12. Nxb6 axb6 13. Qb3 Kc7 14.
Ne2 Ne4 15. Qd3 Nc5 16. Qa3 Nxa4 17. Qxa4 Bg7 18. c3 Ra8 19. Qc4 Ra7 20. d3
Ba6 21. Qd5 Bb7 22. Be3 Ra5 23. Qb3 Ra6 24. Qd5 Ra5 25. Qb3 Ra6 26. Qd5 Ra5
27. Qb3 {Game drawn by repetition} 1/2-1/2

[Event "GambitGuide"]
[Site "Internet Chess Club"]
[Date "2014.10.30"]
[Round "1"]
[White "JSBach"]
[Black "zigzag2002"]
[Result "1-0"]
[ICCResult "Black resigns"]
[WhiteElo "1686"]
[BlackElo "1937"]
[Opening "Vienna: `Frankenstein-Dracula' variation"]
[ECO "C27"]
[NIC "VG.02"]
[Time "18:54:21"]
[TimeControl "120+12"]

1. e4 e5 2. Nc3 Nf6 3. Bc4 Nxe4 4. Qh5 Nd6 5. Bb3 Nc6 6. Nb5 g6 7. Qf3 f5 8.
Qd5 Qe7 9. Nxc7+ Kd8 10. Nxa8 b6 11. Ba4 Bb7 12. Nxb6 axb6 13. Qb3 Kc7 14.
Ne2 Na5 15. Qh3 Bg7 16. c3 e4 17. Nf4 g5 18. Ne2 h6 19. Qg3 Be5 20. Qh3 Nac4
21. Nd4 Bxd4 22. cxd4 Qf6 23. Qc3 Kb8 24. Bxd7 Rd8 25. Ba4 Rc8 26. b3 b5 27.
bxc4 Rxc4 28. Qg3 f4 29. Qg4 Rxa4 30. Bb2 Nc4 31. Bc3 b4 32. Qd7 Nb6 33.
Qe8+ Ka7 34. Rb1 bxc3 35. dxc3 Rxa2 36. Qb5 Ba6 37. Qe8 Re2+ 38. Kd1 Bd3 39.
Ra1+ Kb7 40. Rf1 Rb2 41. Rg1 Bc4 42. Qxe4+ Bd5 43. Qh7+ Qf7 44. Qxh6 Bb3+
45. Kc1 Rc2+ 46. Kb1 Qf5 47. Qg7+ Kc6 48. Qh6+ Kd5 49. Ra5+ Kc4 50. Qc6+ Kd3
51. Rxf5 {Black resigns} 1-0

[Event "GambitGuide"]
[Site "Internet Chess Club"]
[Date "2014.10.30"]
[Round "1"]
[White "JSBach"]
[Black "zigzag2002"]
[Result "1-0"]
[ICCResult "Black resigns"]
[WhiteElo "1686"]
[BlackElo "1937"]
[Opening "Vienna: `Frankenstein-Dracula' variation"]
[ECO "C27"]
[NIC "VG.02"]
[Time "18:56:28"]
[TimeControl "120+12"]

1. e4 e5 2. Nc3 Nf6 3. Bc4 Nxe4 4. Qh5 Nd6 5. Bb3 Nc6 6. Nb5 g6 7. Qf3 f5 8.
Qd5 Qe7 9. Nxc7+ Kd8 10. Nxa8 b6 11. Ba4 Bb7 12. Nxb6 axb6 13. Qb3 Kc7 14.
Ne2 Na5 15. Qh3 e4 16. Qc3+ Nc6 17. Qxh8 {Black resigns} 1-0

[Event "GambitGuide"]
[Site "Internet Chess Club"]
[Date "2014.10.30"]
[Round "1"]
[White "JSBach"]
[Black "Ernie1"]
[Result "1-0"]
[ICCResult "Black checkmated"]
[WhiteElo "1686"]
[BlackElo "1381"]
[Opening "Vienna: `Frankenstein-Dracula' variation"]
[ECO "C27"]
[NIC "VG.02"]
[Time "18:55:15"]
[TimeControl "120+12"]

1. e4 e5 2. Nc3 Nf6 3. Bc4 Nxe4 4. Qh5 Nd6 5. Bb3 Nc6 6. Nb5 g6 7. Qf3 f5 8.
Qd5 Qe7 9. Nxc7+ Kd8 10. Nxa8 b6 11. Ba4 Nb4 12. Qb3 Ne4 13. d3 Ng5 14. Qc3
Na6 15. Bxg5 Qxg5 16. Qxe5 Qxg2 17. Qxh8 Qxh1 18. Qxf8# {Black checkmated}
1-0

[Event "GambitGuide"]
[Site "Internet Chess Club"]
[Date "2014.10.30"]
[Round "1"]
[White "JSBach"]
[Black "Heian"]
[Result "1-0"]
[ICCResult "Black checkmated"]
[WhiteElo "1686"]
[BlackElo "1562"]
[Opening "Vienna: `Frankenstein-Dracula' variation"]
[ECO "C27"]
[NIC "VG.02"]
[Time "18:54:12"]
[TimeControl "120+12"]

1. e4 e5 2. Nc3 Nf6 3. Bc4 Nxe4 4. Qh5 Nd6 5. Bb3 Nc6 6. Nb5 g6 7. Qf3 f5 8.
Qd5 Qe7 9. Nxc7+ Kd8 10. Nxa8 b6 11. Ba4 Bb7 12. Nxb6 axb6 13. Qb3 Kc7 14.
Ne2 Nc8 15. Qc4 Bg7 16. Nc3 Kb8 17. f3 Na5 18. Qd3 Rd8 19. O-O d5 20. Re1 e4
21. Qb5 Qd6 22. fxe4 dxe4 23. a3 Bd4+ 24. Kh1 Bc6 25. Qa6 Bb7 26. Qb5 Bc6
27. Qa6 Bb7 28. Qb5 Na7 29. Qe2 N7c6 30. b4 Ne5 31. bxa5 bxa5 32. Nb5 Qb6
33. Rb1 Bc5 34. Nc3 Qd6 35. Qb5 Rd7 36. Qxa5 Nc4 37. Qb5 Nb6 38. Bb3 Kc7 39.
Be6 Re7 40. Na4 Rxe6 41. Nxc5 Re5 42. d4 Rd5 43. Bf4 Qxf4 44. Qxb6+ Kc8 45.
Qxb7+ Kd8 46. Qxd5+ Ke7 47. Rb7+ Kf6 48. Qd8# {Black checkmated} 1-0

[Event "GambitGuide"]
[Site "Internet Chess Club"]
[Date "2014.10.30"]
[Round "1"]
[White "JSBach"]
[Black "zigzag2002"]
[Result "1-0"]
[ICCResult "Black checkmated"]
[WhiteElo "1686"]
[BlackElo "1937"]
[Opening "Vienna: `Frankenstein-Dracula' variation"]
[ECO "C27"]
[NIC "VG.02"]
[Time "18:56:43"]
[TimeControl "120+12"]

1. e4 e5 2. Nc3 Nf6 3. Bc4 Nxe4 4. Qh5 Nd6 5. Bb3 Nc6 6. Nb5 g6 7. Qf3 f5 8.
Qd5 Qe7 9. Nxc7+ Kd8 10. Nxa8 b6 11. Ba4 Bb7 12. Nxb6 axb6 13. Qb3 Kc7 14.
Ne2 Na5 15. Qg3 Ne4 16. Qh3 d5 17. Qd3 Qg5 18. O-O Bc5 19. Bb5 d4 20. f4 Qg4
21. fxe5 Nxd2 22. Rf2 Ne4 23. Rf4 Qh5 24. Nxd4 Rd8 25. Be3 g5 26. Ne6+ Kc8
27. Qxd8# {Black checkmated} 1-0

[Event "GambitGuide"]
[Site "Internet Chess Club"]
[Date "2014.10.30"]
[Round "1"]
[White "JSBach"]
[Black "sanjSweta"]
[Result "1-0"]
[ICCResult "Black resigns"]
[WhiteElo "1686"]
[BlackElo "2021"]
[Opening "Vienna: `Frankenstein-Dracula' variation"]
[ECO "C27"]
[NIC "VG.02"]
[Time "18:56:12"]
[TimeControl "120+12"]

1. e4 e5 2. Nc3 Nf6 3. Bc4 Nxe4 4. Qh5 Nd6 5. Bb3 Nc6 6. Nb5 g6 7. Qf3 f5 8.
Qd5 Qe7 9. Nxc7+ Kd8 10. Nxa8 b6 11. Ba4 Nb4 12. Qb3 Nc6 13. Nxb6 axb6 14.
Qxb6+ Ke8 15. Bxc6 dxc6 16. Qxc6+ Bd7 17. Qd5 Bh6 18. d3 Bg7 19. Be3 f4 20.
Bc5 Bf8 21. Nf3 e4 22. Bxd6 Qxd6 23. Qxd6 Bxd6 24. dxe4 Kf7 25. O-O-O Ke7
26. e5 Bc7 27. b4 Bf5 28. c4 Rc8 29. a4 Bb6 30. c5 {Black resigns} 1-0

[Event "GambitGuide"]
[Site "Internet Chess Club"]
[Date "2014.10.30"]
[Round "1"]
[White "JSBach"]
[Black "Ernie1"]
[Result "1-0"]
[ICCResult "Black resigns"]
[WhiteElo "1686"]
[BlackElo "1381"]
[Opening "Vienna: `Frankenstein-Dracula' variation"]
[ECO "C27"]
[NIC "VG.02"]
[Time "18:57:03"]
[TimeControl "120+12"]

1. e4 e5 2. Nc3 Nf6 3. Bc4 Nxe4 4. Qh5 Nd6 5. Bb3 Nc6 6. Nb5 g6 7. Qf3 f5 8.
Qd5 Qe7 9. Nxc7+ Kd8 10. Nxa8 b6 11. Ba4 Bb7 12. Nxb6 Nd4 13. Qc5 Bxg2 14.
Nd5 Qe6 15. Qa5+ Ke8 16. Nc7+ {Black resigns} 1-0

[Event "GambitGuide"]
[Site "Internet Chess Club"]
[Date "2014.10.30"]
[Round "1"]
[White "JSBach"]
[Black "kingsac"]
[Result "1-0"]
[ICCResult "Black checkmated"]
[WhiteElo "1691"]
[BlackElo "1964"]
[Opening "Vienna: `Frankenstein-Dracula' variation"]
[ECO "C27"]
[NIC "VG.02"]
[Time "18:53:20"]
[TimeControl "120+12"]

1. e4 e5 2. Nc3 Nf6 3. Bc4 Nxe4 4. Qh5 Nd6 5. Bb3 Nc6 6. Nb5 g6 7. Qf3 f5 8.
Qd5 Qe7 9. Nxc7+ Kd8 10. Nxa8 b6 11. Ba4 Bb7 12. Nxb6 axb6 13. Qb3 Kc7 14.
Ne2 Ne4 15. Qb5 Nc5 16. O-O Ba6 17. Nc3 Bxb5 18. Nd5+ Kb7 19. Nxe7 Bxe7 20.
Bxb5 Nd4 21. c4 Nxb5 22. cxb5 e4 23. g3 d5 24. h4 Nd3 25. Kg2 Bc5 26. Rb1
Ra8 27. Ra1 Ra5 28. b3 Bd4 29. b4 Ra4 30. Rb1 Rxa2 31. f3 Ra4 32. Rb3 Nxb4
33. Bb2 Bxb2 34. Rxb2 Nd3 35. Rc2 Rb4 36. h5 Rxb5 37. h6 Ne5 38. fxe4 dxe4
39. Rfc1 Ng4 40. Rc7+ Ka6 41. Rxh7 Rb2 42. Ra1+ Kb5 43. Kh3 Rxd2 44. Rb1+
Ka6 45. Ra1+ Kb5 46. Kh4 e3 47. Kg5 e2 48. Rb1+ Ka6 49. Ra1+ Kb5 50. Rb1+
Kc4 51. Rc7+ Kd3 52. h7 Rd1 53. h8=Q e1=Q 54. Rxd1+ Qxd1 55. Rd7+ Ke2 56.
Qe8+ Ne3 57. Rxd1 Kxd1 58. Qxe3 b5 59. Kxg6 b4 60. Kxf5 b3 61. Qd3+ Kc1 62.
Qxb3 Kd2 63. g4 Kc1 64. g5 Kd2 65. g6 Kc1 66. Qd3 Kb2 67. g7 Ka1 68. Qd1+
Kb2 69. g8=Q Ka3 70. Qgb3# {Black checkmated} 1-0

[Event "GambitGuide"]
[Site "Internet Chess Club"]
[Date "2014.10.30"]
[Round "1"]
[White "JSBach"]
[Black "Qualm"]
[Result "1-0"]
[ICCResult "Black resigns"]
[WhiteElo "1691"]
[BlackElo "1730"]
[Opening "Vienna: `Frankenstein-Dracula' variation"]
[ECO "C27"]
[NIC "VG.02"]
[Time "18:55:21"]
[TimeControl "120+12"]

1. e4 e5 2. Nc3 Nf6 3. Bc4 Nxe4 4. Qh5 Nd6 5. Bb3 Nc6 6. Nb5 g6 7. Qf3 f5 8.
Qd5 Qe7 9. Nxc7+ Kd8 10. Nxa8 b6 11. Ba4 Bb7 12. Nxb6 axb6 13. Qb3 Kc7 14.
Ne2 Na5 15. Qg3 Ne4 16. Qh3 Ng5 17. Qg3 Ne4 18. Qh3 Qb4 19. Bb3 Bc5 20. Rf1
Qb5 21. a4 Qc6 22. Rb1 Ng5 23. Qg3 Qf6 24. d4 Bd6 25. Bxg5 {Black resigns}
1-0

[Event "GambitGuide"]
[Site "Internet Chess Club"]
[Date "2014.10.30"]
[Round "1"]
[White "JSBach"]
[Black "franco"]
[Result "0-1"]
[ICCResult "White checkmated"]
[WhiteElo "1691"]
[BlackElo "1392"]
[Opening "Vienna: `Frankenstein-Dracula' variation"]
[ECO "C27"]
[NIC "VG.02"]
[Time "18:54:02"]
[TimeControl "120+12"]

1. e4 e5 2. Nc3 Nf6 3. Bc4 Nxe4 4. Qh5 Nd6 5. Bb3 Nc6 6. Nb5 g6 7. Qf3 f5 8.
Qd5 Qe7 9. Nxc7+ Kd8 10. Nxa8 b6 11. Ba4 Bb7 12. Nxb6 axb6 13. Qb3 Kc7 14.
Ne2 f4 15. Nc3 Qg5 16. Nd5+ Kd8 17. g3 Bg7 18. h4 Qf5 19. O-O f3 20. Re1 Qh3
21. Qxf3 Nd4 22. Qa3 Bxd5 23. f3 Qxg3+ 24. Kf1 Nxf3 25. Qe3 e4 26. Qxb6+ Ke7
27. Re2 Bd4 28. Qxd4 Nxd4 29. Rf2 Rf8 30. Rxf8 Kxf8 31. d3 e3 32. Bxe3 Qxe3
33. Bxd7 Qe2+ 34. Kg1 Qg2# {White checkmated} 0-1

[Event "GambitGuide"]
[Site "Internet Chess Club"]
[Date "2014.10.30"]
[Round "1"]
[White "JSBach"]
[Black "AdithJosh"]
[Result "1-0"]
[ICCResult "Black checkmated"]
[WhiteElo "1691"]
[BlackElo "1173"]
[Opening "Vienna: `Frankenstein-Dracula' variation"]
[ECO "C27"]
[NIC "VG.02"]
[Time "18:58:02"]
[TimeControl "120+12"]

1. e4 e5 2. Nc3 Nf6 3. Bc4 Nxe4 4. Qh5 Nd6 5. Bb3 Nc6 6. Nb5 g6 7. Qf3 f5 8.
Qd5 Qe7 9. Nxc7+ Kd8 10. Nxa8 b6 11. Ba4 Bb7 12. Nxb6 axb6 13. Qb3 Nd4 14.
Qxb6+ Ke8 15. Kf1 Ne4 16. Qxb7 Qb4 17. Qxd7# {Black checkmated} 1-0

[Event "GambitGuide"]
[Site "Internet Chess Club"]
[Date "2014.10.30"]
[Round "1"]
[White "JSBach"]
[Black "jefferyx"]
[Result "1-0"]
[ICCResult "Black resigns"]
[WhiteElo "1691"]
[BlackElo "2818"]
[Opening "Vienna: `Frankenstein-Dracula' variation"]
[ECO "C27"]
[NIC "VG.02"]
[Time "18:58:05"]
[TimeControl "120+12"]

1. e4 e5 2. Nc3 Nf6 3. Bc4 Nxe4 4. Qh5 Nd6 5. Bb3 Nc6 6. Nb5 g6 7. Qf3 f5 8.
Qd5 Qe7 9. Nxc7+ Kd8 10. Nxa8 b6 11. Ba4 Bb7 12. Nxb6 axb6 13. Qb3 Kc7 14.
Ne2 Bg7 15. Nc3 Nd4 16. Nd5+ Bxd5 17. Qxd5 b5 18. Bb3 Rc8 19. c3 Ne6 20. d3
Nf4 21. Bxf4 exf4+ 22. Kf1 Re8 23. Qc5+ Kd8 24. Qb6+ Kc8 25. Qa6+ Kb8 26.
Qb6+ Kc8 27. Qa6+ Kc7 28. Qa7+ Kc6 29. Qa6+ Kc7 30. Qa7+ Kc8 31. Qc5+ Kd8
32. Qb6+ Kc8 33. Qa6+ Kb8 34. Qb6+ Ka8 35. Bd5+ {Black resigns} 1-0

[Event "GambitGuide"]
[Site "Internet Chess Club"]
[Date "2014.10.30"]
[Round "1"]
[White "JSBach"]
[Black "Chanchito"]
[Result "1/2-1/2"]
[ICCResult "Game drawn because neither player has mating material"]
[WhiteElo "1691"]
[BlackElo "1946"]
[Opening "Vienna: `Frankenstein-Dracula' variation"]
[ECO "C27"]
[NIC "VG.02"]
[Time "18:47:35"]
[TimeControl "120+12"]

1. e4 e5 2. Nc3 Nf6 3. Bc4 Nxe4 4. Qh5 Nd6 5. Bb3 Nc6 6. Nb5 g6 7. Qf3 f5 8.
Qd5 Qe7 9. Nxc7+ Kd8 10. Nxa8 b6 11. Ba4 Bb7 12. Nxb6 axb6 13. Qb3 Kc7 14.
Ne2 Bg7 15. a3 Ra8 16. O-O Qf7 17. Re1 Qxb3 18. Bxb3 Na5 19. Ba2 b5 20. d3
Bc6 21. Be3 Nab7 22. g3 e4 23. Rab1 exd3 24. cxd3 b4 25. Rec1 bxa3 26. bxa3
Rxa3 27. Bg8 Rxd3 28. Bb6+ Kb8 29. Nf4 Rd2 30. Be3 Rb2 31. Ra1 g5 32. Nd3
Rb5 33. Ra7 h6 34. Kf1 Ra5 35. Rxa5 Nxa5 36. Bd2 Nab7 37. f4 Bb5 38. Ke2 Ne4
39. Bd5 Nxd2 40. Kxd2 Bxd3 41. Kxd3 Nd6 42. Ke3 Bf6 43. Rc2 Bd8 44. Rb2+ Kc7
45. Re2 Kb6 46. h3 Kc5 47. Rd2 Bb6 48. Kf3 Nb5 49. fxg5 hxg5 50. Kg2 Nd4 51.
Rb2 Bc7 52. Ba2 f4 53. h4 fxg3 54. hxg5 Nf5 55. Rc2+ Kb6 56. Rb2+ Ka7 57.
Kf3 Nh4+ 58. Kg4 g2 59. Rb1 Bb6 60. Bd5 g1=Q+ 61. Rxg1 Bxg1 62. Kxh4 Bd4 63.
g6 Kb6 64. Kh5 Kc5 65. Be4 Bg7 66. Bf5 d5 67. Be6 d4 68. Bf5 Kd6 69. Be4 Ke5
70. Bd3 Kf4 71. Bb5 Ke3 72. Bc4 d3 73. Bxd3 Kxd3 74. Kg5 Ke4 75. Kh5 Kf5 76.
Kh4 Kxg6 {Game drawn because neither player has mating material} 1/2-1/2

[Event "GambitGuide"]
[Site "Internet Chess Club"]
[Date "2014.10.30"]
[Round "1"]
[White "JSBach"]
[Black "sanjSweta"]
[Result "0-1"]
[ICCResult "White checkmated"]
[WhiteElo "1691"]
[BlackElo "2021"]
[Opening "Vienna: `Frankenstein-Dracula' variation"]
[ECO "C27"]
[NIC "VG.02"]
[Time "18:58:42"]
[TimeControl "120+12"]

1. e4 e5 2. Nc3 Nf6 3. Bc4 Nxe4 4. Qh5 Nd6 5. Bb3 Nc6 6. Nb5 g6 7. Qf3 f5 8.
Qd5 Qe7 9. Nxc7+ Kd8 10. Nxa8 b6 11. Ba4 Bb7 12. Nxb6 axb6 13. Qb3 Kc7 14.
Ne2 Na5 15. Qg3 f4 16. Qg4 Bc6 17. Nc3 Bg7 18. Bxc6 dxc6 19. b4 Nac4 20. O-O
Bf6 21. Re1 h5 22. Qxg6 e4 23. g3 f3 24. a4 Qe6 25. Nxe4 Qh3 26. Qf7+ Nxf7
27. Nxf6 Qg2# {White checkmated} 0-1

[Event "GambitGuide"]
[Site "Internet Chess Club"]
[Date "2014.10.30"]
[Round "1"]
[White "JSBach"]
[Black "Prew"]
[Result "1-0"]
[ICCResult "Black resigns"]
[WhiteElo "1691"]
[BlackElo "2004"]
[Opening "Vienna: `Frankenstein-Dracula' variation"]
[ECO "C27"]
[NIC "VG.02"]
[Time "18:57:55"]
[TimeControl "120+12"]

1. e4 e5 2. Nc3 Nf6 3. Bc4 Nxe4 4. Qh5 Nd6 5. Bb3 Nc6 6. Nb5 g6 7. Qf3 f5 8.
Qd5 Qe7 9. Nxc7+ Kd8 10. Nxa8 b6 11. Ba4 Bb7 12. Nxb6 axb6 13. Qb3 Nd4 14.
Qxb6+ Ke8 15. Kf1 Be4 16. d3 Bd5 17. Be3 Bg7 18. Bxd4 exd4 19. Re1 Be6 20.
Nf3 Kf7 21. Bxd7 Qxd7 22. Ng5+ {Black resigns} 1-0

[Event "GambitGuide"]
[Site "Internet Chess Club"]
[Date "2014.10.30"]
[Round "1"]
[White "JSBach"]
[Black "Travelreader1"]
[Result "1-0"]
[ICCResult "Black resigns"]
[WhiteElo "1691"]
[BlackElo "2222"]
[Opening "Vienna: `Frankenstein-Dracula' variation"]
[ECO "C27"]
[NIC "VG.02"]
[Time "18:58:28"]
[TimeControl "120+12"]

1. e4 e5 2. Nc3 Nf6 3. Bc4 Nxe4 4. Qh5 Nd6 5. Bb3 Nc6 6. Nb5 g6 7. Qf3 f5 8.
Qd5 Qe7 9. Nxc7+ Kd8 10. Nxa8 b6 11. Ba4 Bb7 12. Nxb6 axb6 13. Qb3 Kc7 14.
Ne2 Qg5 15. Qg3 Qf6 16. Qb3 Bg7 17. O-O f4 18. Re1 Qg5 19. Nc3 Nd4 20. Nd5+
Bxd5 21. Qxd5 f3 22. g3 Qf5 23. Re3 Nb7 24. c3 Qh3 25. Qc4+ Nc5 26. Qf1 Ne2+
27. Rxe2 fxe2 28. Qxe2 Rf8 29. Bc2 d5 30. b4 Nd7 31. Qb5 h5 32. Qxd5 h4 33.
Qc4+ Kd8 34. Qxh4+ Qxh4 35. gxh4 Rf4 36. Kg2 Rxh4 37. Kg3 Rh5 38. d4 exd4
39. cxd4 Bxd4 40. Bxg6 Rb5 41. Rb1 Ne5 42. a4 Rd5 43. Be4 Rd6 44. h4 Ke7 45.
Be3 Bxe3 46. fxe3 Nc4 47. Re1 Re6 48. Kf4 Rf6+ 49. Bf5 Kd6 50. Rd1+ Kc7 51.
Rd7+ Kc8 52. Rf7+ {Black resigns} 1-0

[Event "GambitGuide"]
[Site "Internet Chess Club"]
[Date "2014.10.30"]
[Round "1"]
[White "JSBach"]
[Black "jefferyx"]
[Result "1-0"]
[ICCResult "Black resigns"]
[WhiteElo "1691"]
[BlackElo "2818"]
[Opening "Vienna: `Frankenstein-Dracula' variation"]
[ECO "C27"]
[NIC "VG.02"]
[Time "18:59:30"]
[TimeControl "120+12"]

1. e4 e5 2. Nc3 Nf6 3. Bc4 Nxe4 4. Qh5 Nd6 5. Bb3 Nc6 6. Nb5 g6 7. Qf3 f5 8.
Qd5 Qe7 9. Nxc7+ Kd8 10. Nxa8 b6 11. Ba4 Bb7 12. Nxb6 axb6 13. Qb3 Kc7 14.
Ne2 Qg5 15. O-O h5 16. Re1 h4 17. d4 Qg4 18. f3 Qh5 19. Bxc6 Bxc6 20. dxe5
Nb7 21. Be3 h3 22. Qxb6+ Kc8 23. Nf4 Qh4 24. Nxg6 {Black resigns} 1-0

[Event "GambitGuide"]
[Site "Internet Chess Club"]
[Date "2014.10.30"]
[Round "1"]
[White "JSBach"]
[Black "Qualm"]
[Result "1-0"]
[ICCResult "Black resigns"]
[WhiteElo "1691"]
[BlackElo "1730"]
[Opening "Vienna: `Frankenstein-Dracula' variation"]
[ECO "C27"]
[NIC "VG.02"]
[Time "18:58:36"]
[TimeControl "120+12"]

1. e4 e5 2. Nc3 Nf6 3. Bc4 Nxe4 4. Qh5 Nd6 5. Bb3 Nc6 6. Nb5 g6 7. Qf3 f5 8.
Qd5 Qe7 9. Nxc7+ Kd8 10. Nxa8 b6 11. Ba4 Nd4 12. f4 Bb7 13. Qxe5 Bxg2 14.
Nxb6 axb6 15. c3 Nc6 16. Bxc6 dxc6 17. Ne2 Bxh1 18. Qxh8 Bf3 19. Qe5 Bxe2
20. Qxe7+ Bxe7 21. Kxe2 Bf6 22. d3 Kd7 23. Be3 b5 24. a4 b4 25. cxb4
{Black resigns}
1-0

[Event "GambitGuide"]
[Site "Internet Chess Club"]
[Date "2014.10.30"]
[Round "1"]
[White "JSBach"]
[Black "demo05"]
[Result "0-1"]
[ICCResult "White checkmated"]
[WhiteElo "1691"]
[BlackElo "2174"]
[Opening "Vienna: `Frankenstein-Dracula' variation"]
[ECO "C27"]
[NIC "VG.02"]
[Time "18:58:58"]
[TimeControl "120+12"]

1. e4 e5 2. Nc3 Nf6 3. Bc4 Nxe4 4. Qh5 Nd6 5. Bb3 Nc6 6. Nb5 g6 7. Qf3 f5 8.
Qd5 Qe7 9. Nxc7+ Kd8 10. Nxa8 b6 11. Ba4 Bb7 12. Nxb6 axb6 13. Qb3 Kc7 14.
Ne2 Nd4 15. Nxd4 exd4+ 16. Kf1 Bh6 17. Qb4 Re8 18. Qxd6+ Kxd6 19. Bb3 Qe2+
20. Kg1 Qe1# {White checkmated} 0-1

[Event "GambitGuide"]
[Site "Internet Chess Club"]
[Date "2014.10.30"]
[Round "1"]
[White "JSBach"]
[Black "kingsac"]
[Result "1-0"]
[ICCResult "Black resigns"]
[WhiteElo "1691"]
[BlackElo "1964"]
[Opening "Vienna: `Frankenstein-Dracula' variation"]
[ECO "C27"]
[NIC "VG.02"]
[Time "18:58:42"]
[TimeControl "120+12"]

1. e4 e5 2. Nc3 Nf6 3. Bc4 Nxe4 4. Qh5 Nd6 5. Bb3 Nc6 6. Nb5 g6 7. Qf3 f5 8.
Qd5 Qe7 9. Nxc7+ Kd8 10. Nxa8 b6 11. Ba4 Bb7 12. Nxb6 axb6 13. Qb3 Nc8 14.
Ne2 Qb4 15. Qf7 Qe7 16. Qxe7+ Bxe7 17. d3 d5 18. Nc3 Na5 19. Nb5 Nd6 20.
Nxd6 Bxd6 21. Rf1 e4 22. Be3 Bc5 23. Bxc5 bxc5 24. Rc1 Ke7 25. Kd2 Kd6 26.
Bb5 Bc6 27. Bxc6 Nxc6 28. dxe4 dxe4 29. a4 Rb8 30. Rcd1 Ke5 31. Kc3 Nd4 32.
a5 Ne2+ 33. Kd2 Nd4 34. Kc3 Ne2+ 35. Kd2 Nd4 36. Rb1 Rb5 37. a6 Ra5 38. Ra1
{Black resigns}
1-0